 Dungeon Crawl Stone Soup version 0.27.0-1-g7a089689b8 (webtiles) character file.

Game seed: 4775732181885030119

197 Anothat the Grasshopper (level 5, 0/43 HPs)
             Began as a Gnoll Warper on Aug 1, 2021.
             Killed by divine providence
             ... invoked by an orc priest
              (17 damage)
             ... on level 3 of the Dungeon.
             The game lasted 00:05:06 (3099 turns).

Anothat the Grasshopper (Gnoll Warper)              Turns: 3099, Time: 00:05:06

Health: 0/43       AC:  7    Str: 11    XL:     5   Next: 75%
Magic:  28/30      EV: 13    Int: 12    God:
Gold:   86         SH:  0    Dex: 12    Spells: 9/14 levels left

rFire    . . .     SeeInvis .   a - +0 hand axe
rCold    . . .     Faith    .   (no shield)
rNeg     . . .     Spirit   .   b - +0 leather armour
rPois    .         Reflect  .   (no helmet)
rElec    .         Harm     .   o - +2 cloak
rCorr    .         Rampage  .   (no gloves)
Will     .....                  l - +0 pair of boots
Stlth    +.........             (no amulet)
HPRegen  0.14/turn              e - ring of magical power
MPRegen  0.22/turn              n - ring of magical power

@: very slightly contaminated
A: fangs 1, strong nose, distributed training
a: no special abilities


You were on level 3 of the Dungeon.
You visited 1 branch of the dungeon, and saw 3 of its levels.

You collected 86 gold pieces.

Inventory:

Hand Weapons
 a - a +0 hand axe (weapon)
Missiles
 d - 5 boomerangs of dispersal (quivered)
Armour
 b - a +0 leather armour (worn)
 l - a +0 pair of boots (worn)
 o - a +2 cloak (worn)
Jewellery
 e - a ring of magical power (left hand)
 i - a ring of resist corrosion
 n - a ring of magical power (right hand)
Wands
 k - a wand of acid (4)
Scrolls
 c - 4 scrolls of blinking
 f - a scroll of fog
 g - a scroll of enchant armour
 j - 2 scrolls of teleportation {unknown}
Potions
 h - a potion of ambrosia {unknown}
 m - a potion of haste {unknown}


   Skills:
 + Level 4.8 Fighting
 + Level 1.6 Short Blades
 + Level 1.6 Long Blades
 + Level 4.8 Axes
 + Level 1.6 Maces & Flails
 + Level 1.6 Polearms
 + Level 1.6 Staves
 + Level 1.6 Slings
 + Level 1.6 Bows
 + Level 1.6 Crossbows
 + Level 3.0 Throwing
 + Level 3.0 Armour
 + Level 4.8 Dodging
 + Level 1.6 Stealth
 + Level 1.6 Shields
 + Level 1.6 Unarmed Combat
 + Level 5.2 Spellcasting
 + Level 1.3 Conjurations
 + Level 1.3 Hexes
 + Level 1.3 Summonings
 + Level 1.3 Necromancy
 + Level 5.6 Translocations
 + Level 1.3 Transmutations
 + Level 1.3 Fire Magic
 + Level 1.3 Ice Magic
 + Level 1.3 Air Magic
 + Level 1.3 Earth Magic
 + Level 1.3 Poison Magic
 + Level 1.8 Invocations
 + Level 1.6 Evocations


You had 9 spell levels left.
You knew the following spells:

 Your Spells              Type           Power      Damage    Failure   Level
a - Blink                 Tloc           N/A        N/A       3%          2
b - Gell's Gravitas       Tloc           8%         N/A       8%          3

Your spell library contained the following spells:

 Spells                   Type           Power      Damage    Failure   Level
 Lesser Beckoning         Tloc           8%         N/A       8%          3
 Teleport Other           Tloc           16%        N/A       8%          3
 Manifold Assault         Tloc           16%        N/A       56%         5


Dungeon Overview and Level Annotations

Branches:
Dungeon (3/15)

Altars:
Ru


Innate Abilities, Weirdness & Mutations

You have very sharp teeth.
Your uncanny sense of smell can sniff out nearby items.
Your experience applies equally to all skills.


Message History

The orc is heavily wounded.
You hit the orc.
You kill the orc!
You hit the orc.
The orc is heavily wounded.
The orc priest miscasts a cantrip.
Casting: Blink (safe; 3% risk of failure)
Confirm with . or Enter, or press ? or * to list all spells.
Aiming: Gell's Gravitas (dangerous; 8% risk of failure)
Press: ? - help, Dir - move target You miscast Gell's Gravitas.
You are very lightly contaminated with residual magic.
Nothing appears to happen.
The orc hits you but does no damage.
You closely miss the orc priest. You hit the orc but do no damage.
The orc priest invokes the aid of Beogh against you.
Pain shoots through your body! The orc hits you but does no damage.
You hit the orc priest but do no damage.
You hit the orc.
You kill the orc!
The orc priest hits you but does no damage.
You hit the orc priest but do no damage.
You bite the orc priest, but do no damage.
The orc priest hits you but does no damage.
You hit the orc priest.
You bite the orc priest, but do no damage.
The orc priest is moderately wounded.
The orc priest misses you.
You hit the orc priest.
The orc priest is heavily wounded.
The orc priest hits you but does no damage.
You closely miss the orc priest.
The orc priest is heavily wounded.
The orc priest calls down the wrath of Beogh upon you.
Beogh smites you! The orc priest hits you with a +0 club.
You hit the orc priest but do no damage.
You bite the orc priest, but do no damage.
The orc priest is heavily wounded.
The orc priest calls down the wrath of Beogh upon you.
Beogh smites you!
You die...

##.#..... #.........#
......#. +.........+
....... (........
.....#. ....... .#..##.
..... #..... ... #..###
..#######o# #.....
#....<..)@# ##.###
#.######..############.#
#...............#
##...##.###.######
#.....#.# #.# #
##...##.# #.#
##.###..###.# #.#
........###.# #.#
##..........# #.#


You could see an orc priest.

Vanquished Creatures
  A black bear (D:3)
  Jessica (D:3)
  An adder (D:3)
  A worm (D:3)
  2 dart slugs (D:1)
  2 orcs (D:3)
  6 endoplasms
  4 giant cockroaches
  3 goblins (D:1)
  2 hobgoblins (D:2)
  10 jackals
  3 quokkas
  4 ball pythons
  10 bats
  2 frilled lizards
  2 kobolds
  4 rats
58 creatures vanquished.

Notes
Turn   | Place    | Note
-------+----------+-------------------------------------------
     0 | D:1      | Anothat the Gnoll Warper began the quest for the Orb.
     0 | D:1      | Reached XP level 1. HP: 20/20 MP: 6/6
   116 | D:1      | Reached XP level 2. HP: 17/26 MP: 7/7
   347 | D:1      | Learned a level 2 spell: Blink
   541 | D:1      | Found a faded altar of an unknown god.
   703 | D:1      | Reached XP level 3. HP: 31/31 MP: 9/9
   905 | D:1      | Reached skill level 5 in Spellcasting
  1301 | D:1      | Reached skill level 1 in Invocations
  2066 | D:2      | Reached skill level 1 in Short Blades
  2066 | D:2      | Reached skill level 1 in Long Blades
  2066 | D:2      | Reached skill level 1 in Maces & Flails
  2066 | D:2      | Reached skill level 1 in Polearms
  2066 | D:2      | Reached skill level 1 in Staves
  2066 | D:2      | Reached skill level 1 in Slings
  2066 | D:2      | Reached skill level 1 in Bows
  2066 | D:2      | Reached skill level 1 in Crossbows
  2066 | D:2      | Reached skill level 1 in Stealth
  2066 | D:2      | Reached skill level 1 in Shields
  2066 | D:2      | Reached skill level 1 in Unarmed Combat
  2066 | D:2      | Reached skill level 1 in Evocations
  2302 | D:2      | Reached XP level 4. HP: 38/38 MP: 11/11
  2444 | D:2      | Learned a level 3 spell: Gell's Gravitas
  2560 | D:3      | Found a sacrificial altar of Ru.
  2579 | D:3      | Noticed a black bear
  2584 | D:3      | Killed a black bear
  2585 | D:3      | Reached skill level 1 in Conjurations
  2585 | D:3      | Reached skill level 1 in Hexes
  2585 | D:3      | Reached skill level 1 in Summonings
  2585 | D:3      | Reached skill level 1 in Necromancy
  2585 | D:3      | Reached skill level 1 in Transmutations
  2585 | D:3      | Reached skill level 1 in Fire Magic
  2585 | D:3      | Reached skill level 1 in Ice Magic
  2585 | D:3      | Reached skill level 1 in Air Magic
  2585 | D:3      | Reached skill level 1 in Earth Magic
  2585 | D:3      | Reached skill level 1 in Poison Magic
  2585 | D:3      | Reached XP level 5. HP: 43/43 MP: 12/12
  2711 | D:3      | Noticed Jessica
  2720 | D:3      | Killed Jessica
  3099 | D:3      | Killed from afar by an orc priest

Illustrated notes

Levels and vault maps discovered:
D:1:      dpeg_arrival_court, layout_loops_corners,
          ebering_ecumenical_altar_mist
D:2:      layout_loops_ring
D:3:      layout_loops_corners, mainiacjoe_overflow_six_doors_small, uniq_ijyb,
          uniq_sigmund, uniq_jessica

Skill      XL: |  1  2  3  4 |
---------------+-------------+-----
Spellcasting   | 5 |  5.2
Invocations    | 1 |  1.8
Short Blades   | 1 |  1.6
Long Blades    | 1 |  1.6
Maces & Flails | 1 |  1.6
Polearms       | 1 |  1.6
Staves         | 1 |  1.6
Slings         | 1 |  1.6
Bows           | 1 |  1.6
Crossbows      | 1 |  1.6
Stealth        | 1 |  1.6
Shields        | 1 |  1.6
Unarmed Combat | 1 |  1.6
Evocations     | 1 |  1.6
Throwing       | 3 |  3.0
Armour         | 3 |  3.0
Conjurations   | 1 |  1.3
Hexes          | 1 |  1.3
Summonings     | 1 |  1.3
Necromancy     | 1 |  1.3
Transmutations | 1 |  1.3
Fire Magic     | 1 |  1.3
Ice Magic      | 1 |  1.3
Air Magic      | 1 |  1.3
Earth Magic    | 1 |  1.3
Poison Magic   | 1 |  1.3
Fighting       | |  4.8
Axes           | |  4.8
Dodging        | |  4.8
Translocations | |  5.6

Action                   |  1- 3 |  4- 6 || total
-------------------------+-------+-------++-------
Melee: Hand axe          |   166 |    58 ||   224
       Bite              |    14 |     4 ||    18
       Punch             |     1 |       ||     1
 Cast: Blink             |     1 |     1 ||     2
Evoke: Wand              |       |     3 ||     3
  Use: Scroll            |     2 |       ||     2
 Stab: Sleeping          |     3 |       ||     3
Armor: Leather armour    |    51 |    16 ||    67
Dodge: Dodged            |   120 |    56 ||   176
